 Dungeon Crawl Stone Soup version 0.31-a0-175-g9f7f995f2b (webtiles) character file.

Game seed: 7284066179831862037

109 qw the Shooter (level 4, -2/40 HPs)
             Began as a Naga Hunter on June 16, 2023.
             Slain by a gnoll
             ... wielding a +0 spear
              (6 damage)
             ... on level 3 of the Dungeon.
             The game lasted 00:00:31 (1448 turns).

qw the Shooter (Naga Hunter)                        Turns: 1448, Time: 00:00:32

Health: -2/40      AC:  4    Str: 13    XL:     4   Next: 90%
Magic:  4/4        EV:  9    Int:  9    God:
Gold:   102        SH:  0    Dex: 17    Spells: 3/3 levels left

rFire   . . .        Y - +0 shortbow
rCold   . . .        (shield currently unavailable)
rNeg    . . .        c - +0 leather armour
rPois   +            g - +1 helmet
rElec   .            (no cloak)
rCorr   .            (no gloves)
SInv    +            (no barding)
Will    .....        (no amulet)
Stlth   ++           (no ring)
HPRegen 0.26/turn    (no ring)
MPRegen 0.09/turn

%: no passive effects
@: short of breath, very slow
A: AC +1, large, see invisible, deformed body, poison resistance, slowness 2,
spit poison 1, naga tail 1
a: Spit Poison


You were on level 3 of the Dungeon.
You visited 1 branch of the dungeon, and saw 3 of its levels.

You collected 102 gold pieces.


Innate Abilities, Weirdness & Mutations

Your serpentine skin is tough. (AC +1)
You have supernaturally acute eyesight. (SInv)
Armour fits poorly on your strangely shaped body.
Your system is resistant to poisons. (rPois)
You cover ground very slowly.
You can spit poison.
You have a snake-like lower body.


   Skills:
 + Level 2.9 Fighting
 - Level 5.1 Ranged Weapons
 - Level 1.5 Dodging
 - Level 1.5 Stealth


You had 3 spell levels left.
You didn't know any spells.
Your spell library was empty.

Inventory:

Hand Weapons
 Y - a +0 shortbow (weapon)
Armour
 c - a +0 leather armour (worn)
 g - a +1 helmet (worn)
Jewellery
 l - an amulet of guardian spirit
Scrolls
 a - a scroll of identify
 d - a scroll of silence {unknown}
 e - 3 scrolls of blinking {unknown}
 h - a scroll of torment {unknown}
 k - a scroll of vulnerability {unknown}
Potions
 b - a potion of might
 f - 2 potions of cancellation
 i - a potion of ambrosia {unknown}
 j - a potion of degeneration {unknown}

Dungeon Overview and Level Annotations

Branches:
Dungeon (3/15)

Altars:


Message History

You shoot an arrow. The endoplasm quivers.
The arrow hits the endoplasm.
The endoplasm is severely wounded.
An adder comes into view.
A gnoll comes into view. It is wielding a +0 spear.
1443 ||| INVOKING Spit Poison.
Aiming: Spit Poison (1% risk of failure)
Press: ? - help, Shift-Dir - straight line, f - gnoll, p - endoplasm The splash of poison misses the gnoll.
The splash of poison hits the endoplasm.
The endoplasm is almost dead.
You shoot an arrow. The arrow hits the gnoll.
The gnoll is moderately wounded.
You shoot an arrow. The arrow hits the gnoll!
The gnoll is severely wounded.
A quokka comes into view.
The gnoll closely misses you.
You shoot an arrow. The arrow barely misses the gnoll.
The arrow hits the endoplasm but does no damage.
The endoplasm is almost dead.
You have got your breath back.
A gnoll comes into view. It is wielding a +0 halberd.
The gnoll hits you with a +0 heavy flail!!
The gnoll hits you from afar with a +0 spear!
1447 ||| INVOKING Spit Poison.
Aiming: Spit Poison (1% risk of failure)
Press: ? - help, Shift-Dir - straight line, f/p - gnoll The splash of poison hits the gnoll.
The gnoll is almost dead.
The endoplasm freezes you.
You are frozen.
The gnoll hits you from afar with a +0 spear.
The gnoll closely misses you.
You shoot an arrow. The arrow hits the gnoll.
You kill the gnoll!
The endoplasm freezes you.
You are frozen.
The gnoll hits you from afar with a +0 spear.
You die...

########....#.###..
.........####.##..#
........### #....##
..........# ##..
........#.####.#
........#....#.##
........####....#
############..#.#
#J@.## <# #.)### #
#g# #r . .. .. ...


You could see a gnoll, an endoplasm and a quokka.

Vanquished Creatures
  Natasha (thrice) (D:2)
  A gnoll (D:3)
  2 ball pythons
  5 bats
  7 endoplasms
  A giant cockroach (D:3)
  4 goblins
  A hobgoblin (D:1)
  A quokka (D:2)
  A frilled lizard (D:1)
  4 kobolds
  5 rats (D:1)
35 creatures vanquished.

Notes
Turn   | Place    | Note
-------+----------+-------------------------------------------
     0 | D:1      | qw the Naga Hunter began the quest for the Orb.
     0 | D:1      | Reached XP level 1. HP: 19/19 MP: 1/1
     0 | D:1      | 0 ||| qw: Version: 0.2-a-29-g511e9b1
     0 | D:1      | 0 ||| qw: Game counter: 5744
     0 | D:1      | 0 ||| qw: Always use a shield: true
     0 | D:1      | 0 ||| qw: God list: Okawaru
     0 | D:1      | 0 ||| qw: Allow faded altars: false
     0 | D:1      | 0 ||| qw: Do Orc after D:15 true
     0 | D:1      | 0 ||| qw: Do second Lair branch before Depths: true
     0 | D:1      | 0 ||| qw: Lair rune preference: random
     0 | D:1      | 0 ||| qw: Plans: Normal
     0 | D:1      | 0 ||| PLANNING D:1-11
    13 | D:1      | 13 ||| INVOKING Spit Poison.
   107 | D:1      | 107 ||| INVOKING Spit Poison.
   145 | D:1      | 145 ||| INVOKING Spit Poison.
   219 | D:1      | 219 ||| INVOKING Spit Poison.
   220 | D:1      | Reached skill level 4 in Ranged Weapons
   220 | D:1      | Reached XP level 2. HP: 26/26 MP: 2/2
   225 | D:1      | 225 ||| INVOKING Spit Poison.
   264 | D:1      | 264 ||| INVOKING Spit Poison.
   323 | D:1      | 323 ||| INVOKING Spit Poison.
   389 | D:1      | 389 ||| INVOKING Spit Poison.
   459 | D:1      | 459 ||| INVOKING Spit Poison.
   475 | D:1      | 475 ||| INVOKING Spit Poison.
   555 | D:1      | 555 ||| INVOKING Spit Poison.
   673 | D:1      | 673 ||| READING scroll labelled ASTUYR JUOKK.
   674 | D:1      | 674 ||| READING 2 scrolls labelled BATUAXT VOWIM.
   675 | D:1      | 675 ||| READING scroll labelled SOZOUS HOMENG.
   676 | D:1      | 676 ||| DROPPING scroll of butterflies.
   690 | D:2      | 690 ||| INVOKING Spit Poison.
   705 | D:2      | 705 ||| INVOKING Spit Poison.
   739 | D:2      | Noticed Natasha
   742 | D:2      | 742 ||| INVOKING Spit Poison.
   745 | D:2      | 745 ||| INVOKING Spit Poison.
   746 | D:2      | Killed Natasha
   747 | D:2      | Reached XP level 3. HP: 30/32 MP: 3/3
   762 | D:2      | Noticed Natasha
   765 | D:2      | 765 ||| INVOKING Spit Poison.
   767 | D:2      | Killed Natasha
   768 | D:2      | Reached skill level 5 in Ranged Weapons
   768 | D:2      | Reached XP level 4. HP: 39/39 MP: 4/4
   881 | D:2      | 881 ||| INVOKING Spit Poison.
   882 | D:2      | 882 ||| INVOKING Spit Poison.
   917 | D:2      | 917 ||| INVOKING Spit Poison.
   962 | D:2      | 962 ||| INVOKING Spit Poison.
  1004 | D:2      | 1004 ||| INVOKING Spit Poison.
  1103 | D:2      | 1103 ||| INVOKING Spit Poison.
  1125 | D:2      | Noticed Natasha
  1128 | D:2      | 1128 ||| INVOKING Spit Poison.
  1132 | D:2      | HP: 8/39 [cerulean imp/+0 spear[Natasha] (5)]
  1134 | D:2      | Killed Natasha
  1289 | D:2      | 1289 ||| UPGRADING to +0 helmet.
  1294 | D:2      | 1294 ||| READING scroll of enchant armour.
  1294 | D:2      | 1294 ||| ENCHANTING +0 helmet.
  1295 | D:2      | 1295 ||| READING scroll labelled FUIPOU MAFI.
  1296 | D:2      | 1296 ||| DRINKING 3 emerald potions.
  1297 | D:2      | 1297 ||| READING 2 scrolls of identify.
  1297 | D:2      | 1297 ||| IDENTIFYING viscous black potion
  1298 | D:2      | 1298 ||| DROPPING potion of lignification.
  1336 | D:3      | 1336 ||| INVOKING Spit Poison.
  1392 | D:3      | 1392 ||| INVOKING Spit Poison.
  1425 | D:3      | 1425 ||| INVOKING Spit Poison.
  1443 | D:3      | 1443 ||| INVOKING Spit Poison.
  1447 | D:3      | 1447 ||| INVOKING Spit Poison.
  1447 | D:3      | HP: 6/40 [gnoll/+0 spear (5)]
  1448 | D:3      | Slain by a gnoll

Levels and vault maps discovered:
D:1:      psy_arrival_whirlpool, layout_loops_ring
D:2:      layout_rooms, uniq_natasha
D:3:      cheibrodos_old_hovel, layout_rooms, mainiacjoe_overflow_paths

Skill      XL: |  1  2  3 |
---------------+----------+-----
Ranged Weapons | 4 5 |  5.1
Fighting       | |  2.9
Dodging        | |  1.5
Stealth        | |  1.5

Action                     |  1- 3 |  4- 6 || total
---------------------------+-------+-------++-------
   Fire: Shortbow          |    43 |    30 ||    73
Ability: Spit Poison       |    16 |    11 ||    27
    Use: Scroll            |     3 |     3 ||     6
         Potion            |       |     1 ||     1
 Armour: Leather armour    |     4 |     2 ||     6
  Dodge: Dodged            |     7 |     4 ||    11

Table legend:
 A = Non-vault XP
 B = Vault XP
 C = Vault XP percentage of total XP
 D = Non-vault monster count
 E = Vault monster count
 F = Vault count percentage of total count
                 A         B        C        D         E       F
            +---------+---------+-------+---------+---------+-------
      Total |     135 |      37 |  21.5 |      33 |       2 |   5.7
            +---------+---------+-------+---------+---------+-------
        D:1 |      28 |       0 |   0.0 |      18 |       0 |   0.0
        D:2 |      84 |      35 |  29.4 |      10 |       1 |   9.1
        D:3 |      23 |       2 |   8.0 |       5 |       1 |  16.7
            +---------+---------+-------+---------+---------+-------
